 Dungeon Crawl Stone Soup version 0.25.0-26-g0c896c7088 (webtiles) character file.

Game seed: 13963139259802259200

87 Descartes the Scratcher (level 4, 0/19 HPs)
             Began as a Felid Transmuter on July 1, 2020.
             Slain by a sky beast (6 damage)
             ... on level 3 of the Dungeon.
             The game lasted 00:04:57 (3723 turns).

Descartes the Scratcher (Felid Transmuter)          Turns: 3723, Time: 00:04:58

Health: 0/19       AC:  1    Str:  7    XL:     4   Next: 28%
Magic:  8/8        EV: 18    Int: 14    God:
Gold:   120        SH:  0    Dex: 16    Spells: 6/7 levels left
                                        Lives:  0   Deaths: 1

rFire    . . .     SeeInvis +     - Unarmed
rCold    . . .     Gourm    .   (shield unavailable)
rNeg     . . .     Faith    .   (armour unavailable)
rPois    .         Spirit   .   (helmet unavailable)
rElec    .         Reflect  .   (cloak unavailable)
rCorr    .         Harm     .   (gloves unavailable)
MR       .....                  (boots unavailable)
Stlth    +++.......             (no amulet)
HPRegen  0.06/turn              (no ring)
MPRegen  0.11/turn              (no ring)

@: appendage (expiring), quick
A: very small, no armour, no weapons or thrown items, stealth, claws 1, fangs 3,
horns 2, see invisible, carnivore, speed 1, shaggy fur 1, slow metabolism 1,
sharp paws
a: End Transformation


You were on level 3 of the Dungeon.
You were completely stuffed.
You had grown temporary horns.
You visited 1 branch of the dungeon, and saw 4 of its levels.

You collected 120 gold pieces.

Inventory:

Missiles
 a - 76 arrows
 i - 79 stones
Jewellery
 j - an uncursed ring of ice {unknown}
Wands
 d - a wand of digging (8)
Scrolls
 e - a scroll of fear {unknown}
 f - a scroll of enchant armour {unknown}
 h - 2 scrolls of identify {unknown}
 n - a scroll of magic mapping
Potions
 b - 2 potions of curing {unknown}
 g - a potion of brilliance
 k - 2 potions of heal wounds {unknown}
 l - a potion of magic {unknown}
 m - a potion of degeneration {unknown}
 o - a potion of cancellation {unknown}
Comestibles
 c - 4 rations
 p - 2 chunks of flesh


   Skills:
 - Level 1.0 Fighting
 + Level 3.0 Dodging
 + Level 4.3 Stealth
 + Level 4.3 Unarmed Combat
 - Level 2.0 Spellcasting
 + Level 2.4 Transmutations


You had 6 spell levels left.
You knew the following spells:

 Your Spells              Type           Power        Failure   Level  Hunger
a - Beastly Appendage     Tmut           #.....       9%          1    ##.....

Your spell library contained the following spells:

 Spells                   Type           Power        Failure   Level  Hunger
 Sticks to Snakes         Tmut           #.......     13%         2    ###....
 Spider Form              Tmut/Pois      #.........   41%         3    ####...
 Ice Form                 Ice/Tmut       #.......     82%         4    #####..
 Blade Hands              Tmut           #.........   94%         5    ######.


Dungeon Overview and Level Annotations

Branches:
Dungeon (4/15)
 Temple: D:4-7

Altars:
Elyvilon
Makhleb


Innate Abilities, Weirdness & Mutations

You cannot wear armour.
You are incapable of wielding weapons or throwing items.
Your paws allow you to move quietly. (Stealth)
You have sharp claws.
You have razor-sharp teeth.
You have supernaturally acute eyesight. (SInv)
You are carnivorous and can eat meat at any time.
You cover ground quickly.
You are covered in fur. (AC +1)
You have a slow metabolism.
Your sharp claws are effective at attacking unaware monsters.
You have a pair of horns on your head.


Message History

The sky beast closely misses you.
You climb upwards.
Your transformation is almost over.
There is a stone staircase leading down here.
You closely miss the sky beast. You bite the sky beast.
The sky beast is moderately wounded.
The sky beast closely misses you.
You scratch the sky beast but do no damage.
The sky beast is moderately wounded.
The sky beast closely misses you.
You closely miss the sky beast.
The sky beast is moderately wounded.
The sky beast hits you. The sky beast shocks you.
You scratch the sky beast. You headbutt the sky beast.
The sky beast is severely wounded.
The sky beast hits you but does no damage.
You closely miss the sky beast.
The sky beast is severely wounded.
The sky beast hits you. The sky beast shocks you.
You die...

##################
#.................
#.##########.#####
#######.######## #.#####
#รท...##........###.#....
#....##.#.......##.....#
#...............####.#.#
###+###.#.......####.#.#
#.###@................
#....Y........####.#..
#####.....##.###.## #.###
#........).......# #.#..
#.###...#..#.#########.#.#
#.# #...#..#.........#.#.#
########.#
#..................#.#
.........#
#...###########.......
.######### #####
#..#..#.#.#


You could see a sky beast.

Vanquished Creatures
  4 adders
  3 oozes (D:1)
  4 worms (D:2)
  2 dart slugs
  A leopard gecko (D:3)
  An orc (D:2)
  A ball python (D:2)
  7 bats
  3 giant cockroaches
  7 goblins
  10 hobgoblins
  A quokka (D:2)
  2 frilled lizards (D:2)
  8 kobolds
  7 rats
61 creatures vanquished.

Vanquished Creatures (others)
  5 toadstools (D:1)
5 creatures vanquished.

Grand Total: 66 creatures vanquished

Notes
Turn   | Place    | Note
-------+----------+-------------------------------------------
     0 | D:1      | Descartes the Felid Transmuter began the quest for the Orb.
     0 | D:1      | Reached XP level 1. HP: 9/9 MP: 4/4
    21 | D:1      | Reached skill level 1 in Stealth
   181 | D:1      | Reached XP level 2. HP: 12/12 MP: 6/6
   956 | D:1      | Reached XP level 3. HP: 15/15 MP: 7/7
  1885 | D:2      | Reached XP level 4. HP: 2/19 MP: 8/8
  1887 | D:2      | Succumbed to an adder's poison
  1888 | D:2      | Reached XP level 3. HP: 0/15 MP: 7/7
  3047 | D:3      | Reached XP level 4. HP: 19/19 MP: 8/8
  3064 | D:3      | Found a white marble altar of Elyvilon.
  3478 | D:3      | Found a burning altar of Makhleb.
  3711 | D:4      | Noticed a sky beast
  3723 | D:3      | Slain by a sky beast

Illustrated notes

Levels and vault maps discovered:
D:1:      ldierk_walled_garden, layout_loops_corners
D:2:      layout_loops_ring
D:3:      layout_basic, bloody_makhleb, first_ration, elyvilon_altar_3
D:4:      layout_loops_ring, gup_sewer_entry_bubbles, serial_shops,
          nicolae_shop_behind_doors, shop_fountains, nicolae_shop_waterfront,
          nicolae_shop_trees, uniq_pikel, uniq_blork_the_orc,
          uniq_crazy_yiuf_cottage

Skill      XL: |  1  2  3  4 |
---------------+-------------+-----
Stealth        | 1 2 4 |  4.3
Unarmed Combat | 4 |  4.3
Dodging        | 3 |  3.0
Fighting       | |  1.0
Spellcasting   | |  2.0
Transmutations | |  2.4

Action                   |  1- 3 |  4- 6 || total
-------------------------+-------+-------++-------
Melee: Unarmed           |   130 |    30 ||   160
       Bite              |    10 |     2 ||    12
       Headbutt          |       |     2 ||     2
 Cast: Beastly Appendage |     5 |     6 ||    11
  Use: Scroll            |     4 |       ||     4
       Potion            |       |     2 ||     2
 Stab: Sleeping          |    11 |     4 ||    15
  Eat: Chunk             |    17 |     1 ||    18
Armor: Skin              |     3 |     1 ||     4
Dodge: Dodged            |    84 |    18 ||   102
